 Dungeon Crawl Stone Soup version 0.30-a0-1016-gfb0d676c02 (webtiles) character file.

Game seed: 4301550599215292036

18 ThatPearl the Magician (level 2, 0/22 HPs)
             Began as a Djinni Hedge Wizard on Apr 7, 2023.
             Slain by Sigmund
             ... wielding a +0 scythe
              (7 damage)
             ... on level 2 of the Dungeon.
             The game lasted 00:02:35 (917 turns).

ThatPearl the Magician (Djinni Hedge Wizard)         Turns: 917, Time: 00:02:36

Health: 0/22       AC:  3    Str:  9    XL:     2   Next: 85%
Gold:   29         EV: 12    Int: 15    God:
                   SH:  0    Dex: 12

rFire   + + .      SeeInvis .    a - +0 dagger
rCold   x . .      Faith    .    (no shield)
rNeg    . . .      Spirit   .    b - +0 robe
rPois   ∞          Reflect  .    h - +0 helmet
rElec   .          Rampage  .    (no cloak)
rCorr   .                        (no gloves)
Will    .....                    (boots unavailable)
Stlth   ++                       (no amulet)
HPRegen 0.23/turn                (no ring)
MPRegen 0.00/turn                (no ring)

@: flying, very slightly contaminated
A: sickness immunity, fire resistance 2, cold vulnerability 1, float, innate
caster, HP casting, extra vitality 1
a: no special abilities


You were on level 2 of the Dungeon.
You visited 1 branch of the dungeon, and saw 2 of its levels.

You collected 67 gold pieces.
You spent 38 gold pieces at shops.

Inventory:

Hand Weapons
 a - a +0 dagger (weapon)
Missiles
 e - 5 poisoned darts
Armour
 b - a +0 robe (worn)
 h - a +0 helmet (worn)
Scrolls
 i - a scroll of magic mapping {unknown}
 j - a scroll of fog {unknown}
Potions
 c - a potion of magic {unknown}
 d - a potion of resistance {unknown}
 f - 2 potions of curing {unknown}
 g - 2 potions of heal wounds {unknown}


   Skills:
 + Level 1.0 Fighting
 - Level 2.1 Dodging
 - Level 1.5 Stealth
 * Level 2.9 Spellcasting


You knew the following spells:

 Your Spells              Type           Power      Damage    Failure   Level
b - Blink                 Tloc           20%        N/A       10%         2
c - Call Imp              Summ           10%        N/A       10%         2
d - Mephitic Cloud        Conj/Pois/Air  10%        N/A       19%         3
m - Magic Dart            Conj           40%        1d5       6%          1
s - Slow                  Hex            40%        N/A       6%          1
Your spell library was empty.

Dungeon Overview and Level Annotations

Branches:
Dungeon (2/15)

Altars:

Shops:
D:1 *

Annotations:
D:2 Sigmund


Innate Abilities, Weirdness & Mutations

You are immune to sickness and miasma.
You are immune to poison.
Your flesh is very heat resistant. (rF++)
You are vulnerable to cold. (rC-)
You float through the air rather than walking.
You learn spells naturally, not from books.
Your magical power is your life essence.
You have superior vitality. (+4 MHP)


Message History

Aim: Sigmund, wielding a +0 scythe and wearing a +0 robe (almost dead, 100% to hit)
The magic dart hits Sigmund.
Sigmund is almost dead.
Sigmund misses you.
Aiming: Magic Dart (safe; 6% risk of failure)
Press: ? - help, Q - select action, (/) - cycle Shift-Dir - straight line, f/p - Sigmund
Aim: Sigmund, wielding a +0 scythe and wearing a +0 robe (almost dead, 100% to hit)
The magic dart hits Sigmund but does no damage.
Sigmund is almost dead.
Aiming: Magic Dart (safe; 6% risk of failure)
Press: ? - help, Q - select action, (/) - cycle Shift-Dir - straight line, f/p - Sigmund
Aim: Sigmund, wielding a +0 scythe and wearing a +0 robe (almost dead, 100% to hit)
The magic dart hits Sigmund.
Sigmund is almost dead.
Sigmund closely misses you.
Aiming: Magic Dart (safe; 6% risk of failure)
Press: ? - help, Q - select action, (/) - cycle Shift-Dir - straight line, f/p - Sigmund
Aim: Sigmund, wielding a +0 scythe and wearing a +0 robe (almost dead, 100% to hit)
The magic dart hits Sigmund.
Sigmund is almost dead.
Sigmund gestures wildly while chanting.
Sigmund flickers and vanishes!
Deactivating autopickup; reactivate with Ctrl-A.
Aiming: Magic Dart (safe; 6% risk of failure)
Press: ? - help, Q - select action, (/) - cycle Shift-Dir - straight line, f - you That beam is likely to hit you.
Continue anyway?
Okay, then.
Unknown command.
Aiming: Magic Dart (safe; 6% risk of failure)
Press: ? - help, Q - select action, (/) - cycle Shift-Dir - straight line The magic dart hits something but does no damage.
You hear some strange, mumbled words.
Something tries to affect you, but you resist.
Aiming: Magic Dart (safe; 6% risk of failure)
Press: ? - help, Q - select action, (/) - cycle Shift-Dir - straight line You miscast Magic Dart.
You are very lightly contaminated with residual magic.
Nothing appears to happen.
Something hits you!
You die...

# .# ###### #.# #....#
..#.##############{##§#
..#.#...........@...#.#
....#.############..#.@
..###...# ####### ..#
###.# ..# #.# ..# #.#
..#####.# ##......#
##.######


There were no monsters in sight!

Vanquished Creatures
  An endoplasm (D:1)
  A giant cockroach (D:1)
  2 goblins (D:1)
  3 hobgoblins (D:1)
  2 quokkas (D:1)
  4 bats (D:1)
  2 kobolds (D:1)
15 creatures vanquished.

Notes
Turn   | Place    | Note
-------+----------+-------------------------------------------
     0 | D:1      | ThatPearl the Djinni Hedge Wizard began the quest for the
                  | Orb.
     0 | D:1      | ThatPearl set off with the following spells memorised:
                  | Magic Dart, Slow, Blink, Call Imp, Mephitic Cloud.
     0 | D:1      | Reached XP level 1. HP: 15/15 MP: 0/0
   229 | D:1      | Reached XP level 2. HP: 19/22 MP: 0/0
   433 | D:1      | Reached skill level 1 in Fighting
   545 | D:1      | Found Faomitilo's Assorted Antiques.
   553 | D:1      | Bought a coppery potion for 19 gold pieces
   553 | D:1      | Bought a bubbling cyan potion for 19 gold pieces
   900 | D:2      | Noticed Sigmund
   917 | D:2      | Slain by Sigmund

Illustrated notes

Levels and vault maps discovered:
D:1:      heliophobic_arrival_enchanted_forest, layout_rooms, serial_forest,
          infiniplex_forest_end_3, infiniplex_forest_end_2,
          infiniplex_forest_fountain, infiniplex_forest_corner_1,
          infiniplex_forest_lined_3, infiniplex_forest_lined_room_3,
          infiniplex_forest_clump_curved, infiniplex_forest_lined_3,
          serial_shops, shop
D:2:      layout_basic, shapermc_ecumenical_altar_mp_ritualfount, uniq_sigmund

Skill      XL: |  1  2 |
---------------+-------+-----
Fighting       | 1 |  1.0
Dodging        | |  2.1
Stealth        | |  1.5
Spellcasting   | |  2.9

Action                     || total
---------------------------++-------
  Melee: Dagger            ||     5
   Cast: Magic Dart        ||    42
         Slow              ||     1
         Blink             ||     1
         Call Imp          ||     1
   Stab: Sleeping          ||     1
 Armour: Robe              ||     3
  Dodge: Dodged            ||    12

Table legend: (Time is in decaauts)
 A = Elapsed time spent in this place.
 B = Non-inter-level travel time spent in this place.
 C = Inter-level travel time spent in this place.
 D = Time resting spent in this place.
 E = Time spent auto-exploring this place.
 F = Levels seen in this place.
 G = Mean time per level.
                   A        B        C        D        E       F      G
               +--------+--------+--------+--------+--------+-----+--------+
         Total |    916 |    893 |     23 |      0 |    749 |   2 |  458.0 |
       Dungeon |    916 |    893 |     23 |      0 |    749 |   2 |  458.0 |
               +--------+--------+--------+--------+--------+-----+--------+

Top non-repeatable levels by time:
     D:1: 736 daAuts
     D:2: 180 daAuts
